 Dungeon Sprint DCSS version 0.22-a0-109-gbeb7240 (webtiles) character file.

201 theanonym the Cleaver (level 5, -2/99 HPs)
             Began as an Ogre Gladiator on Jan 26, 2018.
             Was an Initiate of Makhleb.
             Slain by a yellow draconian
             ... wielding a +0 battleaxe
              (10 damage)
             ... in the Dungeon (Sprint V: "Ziggurat Sprint").
             The game lasted 00:01:13 (130 turns).

theanonym the Cleaver (Ogre Gladiator)               Turns: 130, Time: 00:01:13

Health: -2/99      AC: 15    Str: 36    XL:     5   Next: 79%
Magic:  5/5        EV:  5    Int:  9    God:    Makhleb [......]
Gold:   0          SH:  0    Dex: 10    Spells: 4/4 levels left

rFire    + . .     SeeInvis .   G - +5 executioner's axe
rCold    + . .     Gourm    .   (shield currently unavailable)
rNeg     . . .     Faith    .   H - +5 gold dragon scales {23 rF+ rC+ rPois}
rPois    +         Spirit   .   c - +0 hat
rElec    .         Reflect  .   (no cloak)
rCorr    .         Harm     .   (gloves unavailable)
MR       .....     NoTele   +   (boots unavailable)
Stlth    ..........             (no amulet)
HPRegen  0.26/turn              F - +6 ring of strength
MPRegen  0.09/turn              E - +6 ring of strength

@: berserking, corroded, very slightly contaminated, invisible, very quick
A: large, unfitting armour, tough skin 1
a: Renounce Religion


Innate Abilities, Weirdness & Mutations

You are too large for most types of armour.
You have tough skin. (AC +1)


   Skills:
 * Level 8.4 Fighting
 * Level 10.1 Axes
 - Level 2.0 Throwing
 + Level 3.3 Armour
 - Level 2.6 Dodging


You had 4 spell levels left.
You didn't know any spells.

Skill      XL: |  1  2 |
---------------+-------+-----
Axes           | 8 10 | 10.1
Fighting       | 8 |  8.4
Armour         | 3 |  3.3
Throwing       | |  2.0
Dodging        | |  2.6

Action                   |  1- 3 |  4- 6 || total
-------------------------+-------+-------++-------
Melee: Executioner's axe |     3 |     4 ||     7
  Use: Potion            |     1 |     2 ||     3
Armor: Gold dragon scale |     2 |    10 ||    12
Dodge: Dodged            |     1 |     2 ||     3

Inventory:

Hand Weapons
 a - a +0 war axe
 G - a +5 executioner's axe (weapon)
   (You found it in the Dungeon)
Missiles
 d - 3 throwing nets (quivered)
Armour
 c - a +0 hat (worn)
 k - a +0 robe {0}
 H - +5 gold dragon scales (worn) {23 rF+ rC+ rPois}
   (You found it in the Dungeon)
Jewellery
 A - a +6 ring of dexterity
   (You found it in the Dungeon)
 B - a +6 ring of dexterity
   (You found it in the Dungeon)
 C - a +6 ring of intelligence
   (You found it in the Dungeon)
 D - a +6 ring of intelligence
   (You found it in the Dungeon)
 E - a +6 ring of strength (right hand)
   (You found it in the Dungeon)
 F - a +6 ring of strength (left hand)
   (You found it in the Dungeon)
Wands
 v - a wand of acid (7)
   (You found it in the Dungeon)
 x - a wand of disintegration (7)
   (You found it in the Dungeon)
 y - a wand of iceblast (7)
   (You found it in the Dungeon)
Scrolls
 b - 4 scrolls of blinking
 f - 7 scrolls of fog
 g - 4 scrolls of amnesia
 l - a scroll of holy word
 m - 5 scrolls of remove curse
 n - 2 scrolls of fear
 r - 5 scrolls of identify
Potions
 h - 6 potions of haste
 i - 7 potions of magic
 j - 2 potions of berserk rage
 o - 2 potions of brilliance
 p - a potion of invisibility
 q - 10 potions of heal wounds
 s - 4 potions of resistance {rF+ rC+}
 u - 5 potions of agility
 w - 10 potions of curing
 z - 5 potions of might
Comestibles
 e - 7 rations You were in the Dungeon. You worshipped Makhleb. Makhleb was noncommittal. You were not hungry. You visited 1 branch

Dungeon Overview and Level Annotations

Branches:
Dungeon (1/1)

Altars:
Ashenzari
Cheibriados
Dithmenos
Elyvilon
Fedhas
Gozag
Hepliaklqana
Kikubaaqudgha
Makhleb
Nemelex Xobeh
Okawaru
Qazlal
Ru
Sif Muna
Trog
Uskayaw
Vehumet
Wu Jian
Xom
Yredelemnul
Zin
The Shining One
Beogh
Jiyva
Lugonu

Annotations:
D 1 transporter

▓▓▓▓▓▓▓▓▓▓▓▓▓
▓.8©8.▓.8©8.▓
▓.)|:.▓.....▓
▓...d.▓...).▓
▓..dd.▓.....▓
▓..@..▓.....▓
▓.....▓..©..▓
▓..©..▓▓▓▓▓▓▓
▓▓▓▓▓▓▓


You could see a yellow draconian and 2 draconians.

Notes
Turn   | Place    | Note
-------+----------+-------------------------------------------
     0 | D        | Found the +6 Majin-Bo {vamp, Archmagi MP+6 Int+6}
     0 | D        | Found the +7 great mace "Firestarter" {inner flame, rF++}
     0 | D        | theanonym the Ogre Gladiator began the quest for the Orb.
     0 | D        | Reached XP level 1. HP: 22/22 MP: 1/1
     1 | D        | Found a blossoming altar of Fedhas.
     2 | D        | Found a transporter.
     2 | D        | Found a viscous altar of Jiyva.
     2 | D        | Found an ancient bone altar of Kikubaaqudgha.
     2 | D        | Found a hazy altar of Hepliaklqana.
     2 | D        | Found a corrupted altar of Lugonu.
     2 | D        | Found an opulent altar of Gozag.
     2 | D        | Found a burning altar of Makhleb.
     3 | D        | Found a sacrificial altar of Ru.
     3 | D        | Found a stormy altar of Qazlal.
     3 | D        | Found a deep blue altar of Sif Muna.
     3 | D        | Found an iron altar of Okawaru.
     3 | D        | Found a bloodstained altar of Trog.
     3 | D        | Found a sparkling altar of Nemelex Xobeh.
     5 | D        | Killed Prince Ribbit
    14 | D        | Killed Nergalle
    20 | D        | Found the +9 heavy crossbow "Sniper" {velocity, Acc+∞ SInv}
    20 | D        | Found the +10 dark maul {crush}
    20 | D        | Found the +15 Maxwell's patent armour {-Cast -Tele rElec MR+ rCorr}
    20 | D        | Found the +18 shield of the Gong {rElec rN+ MR+ EV-5}
    20 | D        | Found the cursed +14 obsidian axe {chop, +Fly SInv *Curse}
    21 | D        | Found the +6 shillelagh "Devastator" {shatter}
    21 | D        | Found the +11 plutonium sword {*Contam Stlth-}
    21 | D        | Found the +8 lance "Wyrmbane" {slay drac, rPois rF+ rC+ AC+3}
    21 | D        | Found the +9 sword of Zonguldrok {reap}
    21 | D        | Found the cursed +13 scythe of Curses {drain, *Curse}
    21 | D        | Found the +0 sword of Power
    21 | D        | Found the +13 mace of Variability {chaos}
    21 | D        | Found the +7 longbow "Piercer" {penet, EV-2}
    37 | D        | Became a worshipper of Makhleb the Destroyer
    74 | D        | Reached skill level 8 in Axes
    74 | D        | Reached XP level 2. HP: 29/29 MP: 2/2
    86 | D        | Entered arena 2.
    86 | D        | Noticed a slime creature
    86 | D        | Found a transporter.
    88 | D        | Reached skill level 3 in Fighting
    90 | D        | Killed a slime creature
    90 | D        | Reached skill level 8 in Fighting
    90 | D        | Reached skill level 10 in Axes
    90 | D        | Reached skill level 3 in Armour
    90 | D        | Reached XP level 3. HP: 43/49 MP: 3/3
    90 | D        | Reached XP level 4. HP: 51/58 MP: 4/4
    90 | D        | Reached XP level 5. HP: 58/66 MP: 5/5
    93 | D        | Got the ring "Ycouxy" {Fire Int+2}
   122 | D        | Entered arena 3.
   122 | D        | Noticed a draconian
   122 | D        | Noticed a draconian
   122 | D        | Noticed a yellow draconian
   122 | D        | Found a transporter.
   128 | D        | HP: 33/66 [draconian/trident (7)]
   128 | D        | HP: 12/66 [yellow draconian/battleaxe (21)]
   130 | D        | Slain by a yellow draconian

Vanquished Creatures
  A slime creature (D)
  An ooze (D)
2 creatures vanquished.

Vanquished Creatures (others)
  Nergalle (D)
  Prince Ribbit (D)
2 creatures vanquished.

Grand Total: 4 creatures vanquished

Table legend:
 A = Turns spent in this place as a percentage of turns spent in the entire game.
 B = Non-inter-level travel turns spent in this place as a percentage of non-inter-level travel turns spent in the entire game.
 C = Inter-level travel turns spent in this place as a percentage of turns spent in this place.
 D = Turns resting spent in this place as a percentage of non-inter-level travel turns spent in this place.
 E = Turns spent auto-exploring this place as a percentage of non-inter-level travel turns spent in this place.
 F = Non-inter-level travel turns spent in this place divided by the number of levels of this place that you've seen.
                   A       B       C       D       E      F
               +-------+-------+-------+-------+-------+----------------------
         Total | 100.0 | 100.0 |   0.0 |  20.0 |  11.5 | 130.0
       Dungeon | 100.0 | 100.0 |   0.0 |  20.0 |  11.5 | 130.0
               +-------+-------+-------+-------+-------+----------------------
